 Dungeon Crawl Stone Soup version 0.32-a0-20-ge526923d97 (webtiles) character file.

Game seed: 12051367020378101570

680103 miscthings the Sensei (level 27, 0/224 HPs)
             Began as an Octopode Shapeshifter on Jan 18, 2024.
             Was a High Priest of Ashenzari.
             Slain by an ancient champion
             ... wielding a +2 battleaxe
              (19 damage)
             ... on level 2 of the Tomb of the Ancients.
             The game lasted 02:26:11 (42619 turns).

miscthings the Sensei (Octopode Shapeshifter)      Turns: 42619, Time: 02:26:12

Health: 0/224      AC: 14    Str: 27    XL:     27
Magic:  37/37      EV: 40    Int: 14    God:    Ashenzari [*****.]
Gold:   5432       SH: 19    Dex: 27    Spells: 41/55 levels left

rFire   + +          .
                       - Unarmed
rCold   + + .        Z - +5 kite shield {AC+3}
rNeg    + + +        u - +2 hat "Ennui of Ashenzari" {Self, Melee} (curse)
rPois   ∞            O - amulet of the Sibylline Sky {rElec Regen+, Self, Cun} (curse)
rElec   +            V - ring "Ensconced Together" {AC+4 Dex+6, Dev, Melee} (curse)
rCorr   .            s - ring of Supernal Gnosis {AC+4, Elem, Self} (curse)
SInv    +            Y - ring "Seeker of Ashenzari" {rPois rN+ Str+3 Dex-4 Slay+5, Self, Bglg} (curse)
Will    ++++.        z - ring of the Restrained Augur {Dex+6, Dev, Cun} (curse)
Stlth   +++          r - ring of Ashenzari's Sybil {rN+ Slay+3, Melee, Self} (curse)
HPRegen 1.37/turn    N - ring "Share My Affliction" {Str+6, Bglg, Self} (curse)
MPRegen 0.25/turn    X - ring "Share My Frustration" {rElec rF+ rC+ rN+ Will+, Melee, Dev} (curse)
                     T - ring "Tethered Vision" {rF+, Self, Dev} (curse)

%: clarity
@: death-form, slowed, glowing, studying 2 skills, silenced, very slow
A: vile attack, torment immunity, no potions, almost no armour, amphibious, 8
rings, camouflage 1, gelatinous body 1, (nimble swimmer 1), tentacles,
deterioration 1, low MP 1, screaming 1
}: 5/15 runes: serpentine, barnacled, slimy, silver, abyssal
a: Siphon Essence, Begin Untransformation, Renounce Religion, Shatter the Chains


You were on level 2 of the Tomb of the Ancients.
You worshipped Ashenzari.
Ashenzari was extremely pleased with you.
You were an undying horror.
You visited 12 branches of the dungeon, and saw 53 of its levels.
You visited the Abyss 1 time.
You also visited: Bailey, Ice Cave and Wizlab.

You collected 11227 gold pieces.
You spent 5795 gold pieces at shops.

Inventory:

Missiles
 b - 4 throwing nets
 S - 4 silver javelins (quivered)
Armour
 u - the cursed +2 hat "Ennui of Ashenzari" (worn) {Self, Melee}
   (You found it on level 4 of the Dungeon)

   It has a curse which improves the following skills: Introspection: Fighting
   and Spellcasting.
   Melee Combat: Short Blades, Long Blades, Axes, Maces & Flails, Polearms,
   Staves and Unarmed Combat.
 Z - a +5 kite shield of protection (worn)
Jewellery
 q - the ring of Peykh {rC+ Str+6 SInv}
   (You found it on level 5 of the Lair of Beasts)

   [ring of strength]

   Str+6:     It affects your strength (+6).
   rC+:       It protects you from cold.
   SInv:      It lets you see invisible.
 r - the cursed ring of Ashenzari's Sybil (on tentacle) {rN+ Slay+3, Melee, Self}
   (You took it off a deep elf blademaster on level 3 of the Elven Halls)

   [ring of positive energy]

   Slay+3:    It affects your accuracy & damage with ranged weapons and melee
   (+3).
   rN+:       It protects you from negative energy.
   It has a curse which improves the following skills: Melee Combat: Short
   Blades, Long Blades, Axes, Maces & Flails, Polearms, Staves and Unarmed
   Combat.
   Introspection: Fighting and Spellcasting.
 s - the cursed ring of Supernal Gnosis (right tentacle) {AC+4, Elem, Self}
   (You found it on level 4 of the Dungeon)

   [ring of protection]

   AC+4:      It affects your AC (+4).
   It has a curse which improves the following skills: Elements: Fire Magic, Ice
   Magic, Air Magic and Earth Magic.
   Introspection: Fighting and Spellcasting.
 z - the cursed ring of the Restrained Augur (on tentacle) {Dex+6, Dev, Cun}
   (You found it on level 7 of the Dungeon)

   [ring of dexterity]

   Dex+6:     It affects your dexterity (+6).
   It has a curse which improves the following skills: Devices: Evocations and
   Shapeshifting.
   Cunning:   Dodging and Stealth.
 N - the cursed ring "Share My Affliction" (on tentacle) {Str+6, Bglg, Self}
   (You acquired it on level 13 of the Dungeon)

   [ring of strength]

   Str+6:     It affects your strength (+6).
   It has a curse which improves the following skills: Beguiling: Hexes and
   Translocations.
   Introspection: Fighting and Spellcasting.
 O - the cursed amulet of the Sibylline Sky (around mantle) {rElec Regen+, Self, Cun}
   (You found it in an ice cave)

   [amulet of regeneration]

   rElec:     It insulates you from electricity.
   Regen+:    It increases your rate of health regeneration.
   It has a curse which improves the following skills: Introspection: Fighting
   and Spellcasting.
   Cunning:   Dodging and Stealth.
 Q - the amulet "Voqudayc" {Reflect rElec rN+ Will+ Int+3 SH+5}
   (You found it on level 3 of the Depths)

   [amulet of reflection]

   Reflect:   It reflects blocked missile attacks.
   Int+3:     It affects your intelligence (+3).
   rElec:     It insulates you from electricity.
   rN+:       It protects you from negative energy.
   Will+:     It increases your willpower.
   SH+5:      It affects your SH (+5).
 T - the cursed ring "Tethered Vision" (on tentacle) {rF+, Self, Dev}
   (You found it on level 2 of the Lair of Beasts)

   [ring of protection from fire]

   rF+:       It protects you from fire.
   It has a curse which improves the following skills: Introspection: Fighting
   and Spellcasting.
   Devices:   Evocations and Shapeshifting.
 V - the cursed ring "Ensconced Together" (left tentacle) {AC+4 Dex+6, Dev, Melee}
   (You bought it in a shop on level 3 of the Vaults)

   [ring of protection]

   AC+4:      It affects your AC (+4).
   Dex+6:     It affects your dexterity (+6).
   It has a curse which improves the following skills: Devices: Evocations and
   Shapeshifting.
   Melee Combat: Short Blades, Long Blades, Axes, Maces & Flails, Polearms,
   Staves and Unarmed Combat.
 X - the cursed ring "Share My Frustration" (on tentacle) {rElec rF+ rC+ rN+ Will+, Melee, Dev}
   (You bought it in a shop on level 1 of the Snake Pit)

   [ring of willpower]

   rF+:       It protects you from fire.
   rC+:       It protects you from cold.
   rElec:     It insulates you from electricity.
   rN+:       It protects you from negative energy.
   Will+:     It increases your willpower.
   It has a curse which improves the following skills: Melee Combat: Short
   Blades, Long Blades, Axes, Maces & Flails, Polearms, Staves and Unarmed
   Combat.
   Devices:   Evocations and Shapeshifting.
 Y - the cursed ring "Seeker of Ashenzari" (on tentacle) {rPois rN+ Str+3 Dex-4 Slay+5, Self, Bglg}
   (You found it on level 3 of the Crypt)

   [ring of positive energy]

   Str+3:     It affects your strength (+3).
   Dex-4:     It affects your dexterity (-4).
   Slay+5:    It affects your accuracy & damage with ranged weapons and melee
   (+5).
   rPois:     It protects you from poison rN+: It protects you from negative
   energy.
   It has a curse which improves the following skills: Introspection: Fighting
   and Spellcasting.
   Beguiling: Hexes and Translocations.
Talismans
 p - a storm talisman
 A - a talisman of death (active)
Wands
 x - a wand of roots (40)
 y - a wand of acid (22)
 E - a wand of mindburst (52)
 R - a wand of paralysis (54)
 U - a wand of digging (47)
Scrolls
 d - 15 scrolls of poison
 e - 4 scrolls of enchant armour
 i - 11 scrolls of vulnerability
 k - 11 scrolls of revelation
 n - 5 scrolls of fear
 o - 18 scrolls of teleportation
 v - 7 scrolls of immolation
 w - 6 scrolls of fog
 G - 4 scrolls of blinking
 P - a scroll of summoning
Potions
 a - 11 potions of lignification
 c - a potion of magic
 g - 11 potions of might
 h - 25 potions of curing
 j - 11 potions of haste
 l - 4 potions of berserk rage
 m - 9 potions of enlightenment
 B - 2 potions of cancellation
 C - 12 potions of attraction
 D - 11 potions of brilliance
 F - 4 potions of ambrosia
 H - 7 potions of resistance
 J - 8 potions of heal wounds
 L - 9 potions of invisibility
 M - 2 potions of mutation
Miscellaneous
 t - a lightning rod (4/4)
 I - a phial of floods (inert)
 K - a phantom mirror (inert)
 W - a box of beasts (inert)


   Skills:
 - Level 21.1(27) Fighting
 * Level 24.2(26.9) Dodging
 - Level 12.6(15.7) Stealth
 * Level 10.7 Shields
 - Level 26.1(27) Unarmed Combat
 + Level 7.6(14.8) Spellcasting
 + Level 3.7 Summonings
 * Level 12.2(15.3) Translocations
 - Level 9.2(14.2) Evocations
 * Level 21.9(26.5) Shapeshifting


You had 41 spell levels left.
You knew the following spells:

 Your Spells              Type           Power      Damage    Failure   Level
a - Manifold Assault      Tloc           52%        N/A       1%          4
b - Apportation           Tloc           100%       N/A       1%          1
c - Blink                 Tloc           100%       N/A       1%          2
d - Malign Gateway        Summ/Tloc      18%        N/A       86%         7

Your spell library contained the following spells:

 Spells                   Type           Power      Damage    Failure   Level
 Lesser Beckoning         Tloc           100%       N/A       1%          2
 Momentum Strike          Conj/Tloc      62%        3d9       1%          2
 Gell's Gravitas          Tloc           52%        N/A       1%          3
 Teleport Other           Tloc           52%        N/A       1%          3
 Volatile Blastmotes      Fire/Tloc      64%        2d15      1%          3
 Summon Small Mammal      Summ           80%        N/A       2%          1
 Call Imp                 Summ           40%        N/A       3%          2
 Dispersal                Tloc           26%        N/A       3%          6
 Dimensional Bullseye     Hex/Tloc       16%        N/A       4%          4
 Iskenderun's Mystic Bla  Conj/Tloc      31%        2d8       4%          4
 Vhi's Electric Charge    Tloc/Air       64%        N/A       4%          4
 Summon Forest            Summ/Tloc      18%        N/A       5%          5
 Call Canine Familiar     Summ           20%        N/A       7%          3
 Freeze                   Ice            44%        1d6       10%         1
 Sandblast                Erth           22%        2d7       10%         1
 Kiss of Death            Conj/Necr      40%        2d8       11%         1
 Magic Dart               Conj           40%        1d5       11%         1
 Necrotise                Necr           40%        1d6       11%         1
 Sting                    Conj/Alch      40%        1d5       11%         1
 Ensorcelled Hibernation  Hex/Ice        22%        N/A       14%         2
 Mercury Vapours          Alch/Air       20%        N/A       14%         2
 Scorch                   Fire           22%        2d5       14%         2
 Static Discharge         Conj/Air       20%        3-4/arc   14%         2
 Summon Ice Beast         Ice/Summ       16%        N/A       14%         3
 Cigotuvi's Dreadful Rot  Necr/Alch/Air  20%        N/A       16%         2
 Searing Ray              Conj           20%        2d5       16%         2
 Sublimation of Blood     Necr           10%        N/A       16%         2
 Confusing Touch          Hex            11%        N/A       26%         3
 Inner Flame              Hex/Fire       11%        N/A       26%         3
 Sigil of Binding         Hex            11%        N/A       26%         3
 Tukima's Dance           Hex            11%        N/A       26%         3
 Dazzling Flash           Conj/Hex       20%        N/A       28%         3
 Frozen Ramparts          Ice            22%        1d4       28%         3
 Hailstorm                Conj/Ice       10%        3d6       28%         3
 Ozocubu's Armour         Ice            11%        N/A       28%         3
 Passwall                 Erth           11%        N/A       28%         3
 Stone Arrow              Conj/Erth      20%        3d8       28%         3
 Swiftness                Air            11%        N/A       28%         3
 Fugue of the Fallen      Necr           10%        N/A       30%         3
 Mephitic Cloud           Conj/Alch/Air  10%        N/A       30%         3
 Vampiric Draining        Necr           10%        2d6       30%         3
 Summon Blazeheart Golem  Fire/Summ      16%        N/A       41%         4
 Summon Lightning Spire   Summ/Air       16%        N/A       41%         4
 Martyr's Knell           Necr/Summ      15%        N/A       43%         4
 Airstrike                Air            5%         2d(1-17)  67%         4
 Anguish                  Hex/Necr       5%         N/A       67%         4
 Brom's Barrelling Bould  Conj/Erth      10%        2d3       67%         4
 Flame Wave               Conj/Fire      10%        2d6       67%         4
 Ignite Poison            Fire/Alch      10%        N/A       67%         4
 Leda's Liquefaction      Alch/Erth      5%         N/A       67%         4
 Petrify                  Alch/Erth      10%        N/A       67%         4
 Sticky Flame             Fire/Alch      10%        2d5       67%         4
 Animate Dead             Necr           10%        N/A       71%         4
 Dispel Undead            Necr           10%        3d9       71%         4
 Fulminant Prism          Conj/Alch      5%         3d7       71%         4
 Olgreb's Toxic Radiance  Alch           10%        N/A       71%         4
 Summon Mana Viper        Hex/Summ       16%        N/A       77%         5
 Disjunction              Tloc           26%        N/A       77%         8
 Metabolic Englaciation   Hex/Ice        5%         N/A       94%         5
 Silence                  Hex/Air        5%         N/A       94%         5
 Borgnjor's Vile Clutch   Necr/Erth      5%         N/A       95%         5
 Freezing Cloud           Conj/Ice/Air   5%         6-21      95%         5
 Lee's Rapid Deconstruct  Erth           5%         3d6*      95%         5
 Curse of Agony           Necr           10%        N/A       96%         5
 Irradiate                Conj/Alch      5%         3d13      96%         5
 Iskenderun's Battlesphe  Conj           10%        2d6       96%         5
 Summon Cactus Giant      Summ           10%        N/A       98%         6
 Bombard                  Conj/Erth      5%         9d2       100%        6
 Conjure Ball Lightning   Conj/Air       5%         3x3d6     100%        6
 Death Channel            Necr           5%         N/A       100%        6
 Eringya's Noxious Bog    Alch           5%         4d6       100%        6
 Sculpt Simulacrum        Ice/Alch       5%         N/A       100%        6
 Starburst                Conj/Fire      5%         6d4       100%        6
 Haunt                    Necr/Summ      7%         N/A       100%        7
 Monstrous Menagerie      Summ           10%        N/A       100%        7
 Ozocubu's Refrigeration  Ice            5%         4d8       100%        7
 Spellforged Servitor     Conj/Summ      7%         N/A       100%        7
 Summon Hydra             Summ           10%        N/A       100%        7
 Borgnjor's Revivificati  Necr           5%         N/A       100%        8
 Discord                  Hex            5%         N/A       100%        8
 Ignition                 Fire           5%         3d4       100%        8
 Infestation              Necr           5%         N/A       100%        8
 Lehudib's Crystal Spear  Conj/Erth      5%         10d3      100%        8
 Summon Horrible Things   Summ           10%        N/A       100%        8
 Chain Lightning          Conj/Air       5%         3d6       100%        9
 Fire Storm               Conj/Fire      5%         8d1       100%        9
 Polar Vortex             Ice            5%         N/A       100%        9
 Shatter                  Erth           5%         3d8*      100%        9
 Animate Armour           Summ/Erth      Unusable   N/A       N/A         4

Dungeon Overview and Level Annotations

Branches:
Dungeon (15/15)            Temple (1/1) D:5            Lair (5/5) D:8
 Shoals (4/4) Lair:2        Snake (4/4) Lair:3        Slime (5/5) Lair:4
    Orc (2/2) D:12            Elf (3/3) Orc:2        Vaults (5/5) D:13
  Crypt (3/3) Vaults:2       Tomb (2/3) Crypt:3      Depths (4/4) D:15
    Zot (0/5) Depths:4     Bailey (visited)           IceCv (visited)
 WizLab (visited)

Altars:
Ashenzari
Cheibriados
Dithmenos
Elyvilon
Fedhas
Gozag
Hepliaklqana
Kikubaaqudgha
Makhleb
Nemelex Xobeh
Okawaru
Qazlal
Ru
Sif Muna
Trog
Uskayaw
Vehumet
Wu Jian
Xom
Yredelemnul
Zin
The Shining One
Jiyva

Shops:
D:2 (   D:3 :   D:6 [   D:10 (   D:11 :   Orc:2 [=(*   Elf:1 !**(   Elf:2 [
Elf:3 (   Snake:1 **[==   Snake:2 *(*=   Snake:4 [   Vaults:1 [   Vaults:3 =
Vaults:4 (![?   Vaults:5 [

Portals:
Hell: Depths:1 Depths:2 Depths:3 Depths:4
Abyss: D:12 Depths:3
Pandemonium: Depths:2 Depths:4
Ziggurat: Depths:1
Trove: D:12 (give 5 scrolls of blinking)

Annotations:
Elf:2 5 runed translucent doors
Tomb:2 Mennas


Innate Abilities, Weirdness & Mutations

You are an undying horror.
Your melee and unarmed attacks drain, slow and weaken victims.
You are immune to unholy pain and torment.
You cannot drink.
You are immune to poison.
You cannot wear most types of armour.
You are amphibious.
You can wear up to eight rings at the same time.
Your skin changes colour to match your surroundings (Stealth+).
Your rubbery body absorbs attacks. (AC +1, EV +1)
((You are camouflaged when in or above water. (Stealth+)))
You have tentacles for arms and can constrict up to eight enemies at once.
Your body sometimes deteriorates upon taking damage.
Your magical capacity is low. (-10% MP)
You occasionally shout uncontrollably at your foes.


Message History

You feel extremely nervous for a moment...
You feel weird for a moment. You block the flayed ghost's attack.
Your mature fireweird beast hits Mennas!!
Mennas completely misses you. x2
The grasping roots constrict Mennas!!
Mennas is no longer moving slowly.
The roots release their grip on Mennas.
The wraith disappears in a puff of smoke!
The death scarab waves its antennae.
You block Mennas's attack. x2
Mennas blocks your mature fireweird beast's attack. x2
You block Mennas's attack.
Mennas hits you from afar with a +4 trishula of holy wrath!
* * * LOW HITPOINT WARNING * * *
You convulse.
* * * LOW HITPOINT WARNING * * *
The flayed ghost hits you!!
* * * LOW HITPOINT WARNING * * *
Mennas misses the flayed ghost.
Mennas hits the flayed ghost with a +4 trishula of holy wrath!
The flayed ghost convulses.
Your mature fireweird beast hits Mennas!
Your mature fireweird beast completely misses Mennas.
The ancient champion completely misses you.
Mennas shakes his head sadly.
Mennas hits your mature fireweird beast with a +4 trishula of holy wrath!!
Mennas hits your mature fireweird beast with a +4 trishula of holy wrath!
Mennas hits the flayed ghost with a +4 trishula of holy wrath!
The flayed ghost convulses.
Mennas hits the flayed ghost with a +4 trishula of holy wrath!!
The flayed ghost convulses!
The flayed ghost is destroyed!
The flayed ghost disappears in a puff of smoke!
Mennas hits your mature fireweird beast with a +4 trishula of holy wrath! x2
Your mature fireweird beast misses Mennas.
Mennas blocks your mature fireweird beast's attack.
Mennas blocks Mennas's attack. x2
The death scarab waves its antennae.
The ancient champion hits you with a +2 battleaxe!!
You die...

*******************
,,,*,,,,,,,,*,,,,<*
,,,*,,,,,,,,*^,,,,*
,,,{{{{,,,,,',,,,,*
,,,*^,{{{,,{*,,,,^*
,,{*{{,,{,,,*,,,,,*
*###M#########,,^,*
,...MMBMzzbzz#*****
,...MB~9.)§..#{,,,*
,,,,,....Zz9###AH#,,,,*
..........{{* #A.#,,,,*
.......B[..{* #..#{,,,*
.......{{{.{#*#..#,{{,*
Z......{....{,...#{{,,*
9..M.............#,,{,*
..z.M...#........#,,,,*


You could see a royal mummy, Mennas (distracted, ally target), a revenant, a
bennu, an ancient champion (fast), a skeletal warrior, a guardian mummy, 2
ushabtiu, a spectral ettin (summoned), 2 death scarabs, a laughing skull
(summoned), the friendly Mennas (summoned, silencing, drained) and a friendly
mature fireweird beast (summoned, unsilenced, drained).

Vanquished Creatures
  the Royal Jelly (Slime:5)
  2 dread liches (Vaults:5)
  An ancient lich (Vaults:5)
  3 juggernauts (Depths:3)
  3 royal mummies (Tomb:2)
  Boris (twice) (Crypt:1 Crypt:3)
  5 caustic shrikes (Depths:3)
  Vashnia (Snake:2)
  A Head Instructor (WizLab)
  9 golden dragons
  Nikola (Snake:2)
  Jory (Crypt:3)
  2 doom hounds (Crypt:1)
  A profane servitor (Crypt:3)
  3 bone dragons
  A Tzitzimitl (Depths:4)
  7 tentacled monstrosities
  2 walking crystal tomes (Depths:3)
  A Hell Sentinel (Abyss:4)
  A walking frostbound tome (Depths:3)
  A walking earthen tome (Depths:4)
  8 liches
  5 quicksilver dragons
  6 titans
  3 deep elf blademasters
  13 sphinxes
  The ghost of jasper the Unseen, an adept KoBe of Lugonu (Shoals:3)
  A deep elf master archer (Elf:3)
  A kraken (Shoals:1)
  15 acid blobs
  Agnes (Snake:1)
  6 ancient champions
  5 tengu reavers
  A storm dragon (Vaults:5)
  5 shadow dragons
  12 azure jellies
  4 revenants
  Aizul (Vaults:2)
  Donald (Vaults:4)
  Ilsuiw (Shoals:2)
  7 rockslimes
  A draconian monk (Depths:4)
  7 nagarajas
  A draconian knight (WizLab)
  14 fire giants
  11 frost giants
  2 balrugs (Depths:4)
  10 deep elf sorcerers
  18 vault wardens
  6 spectral caustic shrikes
  A draconian shifter (Abyss:4)
  An orc warlord (Orc:2)
  3 curse skulls
  9 deep elf elementalists
  2 draconian stormcallers
  2 caustic shrike zombies
  The ghost of Qowilec the Blocker, an adept VSFi of Qazlal (Depths:4)
  The ghost of knightboat the Fighter, a journeyman OnFE of Vehumet (Orc:2)
  5 iron dragons
  A draconian annihilator (Abyss:4)
  A ghoul (Crypt:3)
  4 quicksilver oozes
  20 very ugly things
  15 ironbound preservers
  2 spriggan defenders
  A reaper (Depths:4)
  8 formless jellyfish
  11 vampire knights
  18 stone giants
  9 deep elf death magi
  9 ironbound thunderhulks
  4 deep elf demonologists
  2 eleionomae (Depths:2)
  6 deep elf annihilators (Elf:3)
  11 spark wasps
  2 dire elephants
  4 bennus (Tomb:2)
  5 war gargoyles
  A spark wasp (shapeshifter) (Vaults:5)
  A spectral titan (Crypt:1)
  A yellow draconian (Depths:4)
  The ghost of HilariousDeathArtist the Warrior, a journeyman MfWr of Kikubaaqudgha (D:12)
  4 crystal guardians (Depths:1)
  2 white draconians (Depths:4)
  3 eidola
  15 ettins
  2 green deaths
  A blizzard demon (Depths:4)
  5 merfolk javelineers
  10 mummy priests
  Josephine (Orc:2)
  21 jiangshi
  8 deep elf high priests
  A spectral quicksilver dragon (Crypt:1)
  10 fire dragons
  13 merfolk impalers
  10 yaktaur captains
  7 great orbs of eyes
  5 rakshasas
  2 entropy weavers
  2 spriggan skeletons
  15 ice dragons
  3 peacekeepers
  2 hell beasts
  4 ogre magi
  10 salamander tyrants
  36 vault guards
  A caustic shrike simulacrum (Crypt:3)
  A catoblepas (D:13)
  12 ironbound frosthearts
  5 hydras
  9 deep troll shamans
  3 two-headed ogres
  6 anacondas
  8 spriggan air magi
  A bennu zombie (Crypt:1)
  5 merfolk aquamancers
  A spectral stone giant (Crypt:1)
  2 alligator snapping turtles
  An Orb Guardian skeleton (Crypt:1)
  13 dancing weapons
  4 death knights
  A satyr (Shoals:3)
  4 boulder beetles
  9 centaur warriors
  7 death yaks
  8 deep troll earth magi
  A hell hog (Depths:3)
  15 vampire magi
  3 occultists
  5 spriggan berserkers
  2 orc high priests
  8 tengu warriors
  4 death scarabs (Tomb:2)
  21 naga warriors
  2 thrashing horrors (Abyss:4)
  6 spriggans
  A titan zombie (Crypt:3)
  18 deep elf knights
  4 shock serpents
  8 skysharks
  A sun demon (Depths:2)
  6 hell knights
  A soul eater (Crypt:1)
  13 naga sharpshooters
  Nergalle (D:11)
  9 shadow wraiths
  12 iron trolls
  10 salamander mystics
  26 skeletal warriors
  An emperor scorpion zombie (Crypt:1)
  Amaemon (D:8)
  10 sea snakes
  A spatial maelstrom (Abyss:4)
  A shining eye (shapeshifter) (Depths:3)
  12 spectral anacondas
  7 anaconda zombies (Snake:4)
  12 mana vipers
  2 spriggan druids (Depths:2)
  11 flayed ghosts
  A bunyip zombie (Crypt:1)
  2 goliath frogs (Lair:5)
  A deep troll (shapeshifter) (Vaults:5)
  2 orange crystal statues
  39 deep trolls
  A sun moth (shapeshifter) (Elf:1)
  2 glowing orange brains
  A glowing orange brain (shapeshifter) (Vaults:5)
  17 ironbound convokers
  11 arcanists
  6 orc knights
  7 lindwurms
  A kraken simulacrum (Shoals:4)
  A bunyip skeleton (Crypt:1)
  9 deep elf archers
  22 harpies
  13 phantasmal warriors
  4 anaconda skeletons
  25 deep elf zephyrmancers
  3 naga ritualists
  9 necromancers
  29 deep elf pyromancers
  32 ugly things
  4 draconians (Abyss:4)
  4 shining eyes (Slime:5)
  A shadow dragon skeleton (Crypt:1)
  3 orc sorcerers (Orc:2)
  5 fauns
  A frost giant zombie (Crypt:2)
  2 human zombies
  A spectral centaur (Crypt:1)
  A faun (shapeshifter) (Vaults:5)
  15 manticores
  2 worldbinders
  A wolf spider (Vaults:4)
  A spectral alligator snapping turtle (Crypt:1)
  25 salamanders
  A meliai (D:14)
  30 black mambas
  2 ice statues (IceCv)
  A moth of wrath (shapeshifter) (Vaults:5)
  A moth of wrath (IceCv)
  5 cyclopes
  An elephant (shapeshifter) (Vaults:5)
  An eye of devastation (Slime:5)
  A meliai (shapeshifter) (D:15)
  A kobold blastminer (Orc:2)
  2 water nymphs
  14 elephants
  8 merfolk sirens
  4 large abominations
  A centaur zombie (Crypt:1)
  A rust devil (Depths:4)
  A smoke demon (Abyss:4)
  19 vault sentinels
  5 guardian serpents
  11 naga magi
  A stone giant skeleton (Vaults:2)
  3 gargoyles
  2 dire elephant skeletons
  A naga skeleton (Crypt:1)
  A hellion (Depths:2)
  A titan simulacrum (Tomb:2)
  Maggie (D:10)
  An unseen horror (shapeshifter) (Abyss:4)
  Jeremiah (D:8)
  30 cane toads
  2 orange demons
  7 rime drakes
  A kobold demonologist (D:14)
  16 yaktaurs
  3 dryads (Depths:2)
  An anaconda simulacrum (Snake:4)
  29 komodo dragons
  A spectral naga (Crypt:1)
  An efreet (D:14)
  A human skeleton (Vaults:4)
  9 tengu conjurers
  10 guardian mummies
  5 trolls
  11 freezing wraiths
  A minotaur skeleton (Crypt:1)
  A queen bee (shapeshifter) (D:15)
  An ice devil (D:12)
  A red devil (Depths:4)
  2 hellwings (Depths:4)
  A polar bear (shapeshifter) (D:15)
  A merfolk (shapeshifter) (Depths:3)
  A harpy zombie (Crypt:1)
  5 hornets
  4 wind drakes
  2 polar bears (Lair:2)
  A tyrant leech (Lair:5)
  28 merfolk
  A shadow dragon simulacrum (Crypt:1)
  16 blink frogs
  8 dream sheep
  A harpy skeleton (Crypt:1)
  3 raiju
  A glass eye (Depths:3)
  A snapping turtle (shapeshifter) (Vaults:5)
  9 snapping turtles
  62 slime creatures
  2 shadows (Crypt:3)
  2 ynoxinuls (Depths:4)
  A centaur simulacrum (Crypt:1)
  3 air elementals
  59 yaks
  6 wraiths
  3 small abominations
  16 water elementals
  4 fire bats (Depths:2)
  A fire bat (shapeshifter) (Vaults:5)
  9 starcursed masses (Abyss:4)
  6 wyverns
  Grum (Lair:1)
  A basilisk (shapeshifter) (D:14)
  2 basilisks
  5 fire elementals
  3 ushabtiu
  3 wargs
  6 golden eyes (Slime:2)
  4 redbacks
  11 vampire mosquitoes
  A steam dragon (shapeshifter) (D:15)
  A steam dragon (D:9)
  3 chaos spawn
  An elf skeleton (Vaults:2)
  A naga zombie (Crypt:1)
  Edmund (D:4)
  An ogre zombie (Vaults:2)
  56 nagas
  3 acid dragons
  A swamp worm (shapeshifter) (Depths:3)
  A glowing shapeshifter skeleton (Vaults:4)
  25 water moccasins
  4 great orb of eyes simulacra (IceCv)
  A cane toad zombie (Crypt:1)
  A faun skeleton (Crypt:2)
  41 orc warriors
  5 black bears
  A sky beast (D:12)
  33 laughing skulls
  A black mamba simulacrum (Crypt:1)
  9 wolves
  A crocodile (shapeshifter) (D:9)
  4 ogres
  13 centaurs
  2 phantoms
  7 kobold brigands
  A weeping skull (Crypt:3)
  7 earth elementals
  A slime creature simulacrum (IceCv)
  4 necrophages (Crypt:3)
  A scorpion (D:7)
  5 glowing shapeshifter simulacra
  20 bullfrogs
  4 gnoll sergeants
  A water moccasin zombie (Crypt:2)
  4 burial acolytes (Crypt:3)
  4 wights (D:10)
  A troll skeleton (Crypt:2)
  An electric eel (Lair:5)
  4 howler monkeys
  4 bombardier beetles
  15 jellies
  5 hounds
  A gnoll bouda (D:9)
  6 orc priests
  2 sleepcaps
  2 iguanas
  33 orc wizards
  6 hell rats
  A brain worm zombie (Crypt:2)
  12 mummies
  29 gnolls
  12 adders
  A shadow imp (D:5)
  14 white imps
  4 ufetubi (D:5)
  An adder zombie (Crypt:2)
  2 ribbon worms (D:5)
  2 dart slugs
  69 orcs
  4 bats (D:3)
  19 endoplasms
  4 giant cockroaches
  13 goblins
  6 hobgoblins
  6 jackals
  4 quokkas
  9 ball pythons
  3 frilled lizards
  41 kobolds
  A kobold skeleton (Crypt:2)
  6 rats
  A spectral goblin (D:11)
  A tentacle (Shoals:4)
2373 creatures vanquished.

Vanquished Creatures (collateral kills)
  A mummy priest (Tomb:2)
  An orc warrior (Orc:2)
2 creatures vanquished.

Vanquished Creatures (others)
  A shadow dragon (Depths:4)
  A deep elf high priest (Elf:3)
  A tormentor (Abyss:4)
  An ushabti (Tomb:2)
  A redback (D:14)
  A glowing shapeshifter zombie (Vaults:2)
  A starcursed mass (Abyss:4)
  2 orcs
  A lurking horror (Abyss:4)
  3 tentacles (Shoals:4)
13 creatures vanquished.

Grand Total: 2388 creatures vanquished

Notes
Turn   | Place    | Note
-------+----------+-------------------------------------------
     0 | D:1      | miscthings the Octopode Shapeshifter began the quest for
                  | the Orb.
     0 | D:1      | Reached XP level 1. HP: 13/13 MP: 1/1
    72 | D:1      | Reached XP level 2. HP: 12/18 MP: 2/2
   289 | D:1      | Reached XP level 3. HP: 17/23 MP: 3/3
   826 | D:2      | Found Yrphawk's Weapon Boutique.
  1031 | D:2      | Reached XP level 4. HP: 17/28 MP: 4/4
  1354 | D:2      | Reached skill level 5 in Shapeshifting
  1763 | D:3      | Reached XP level 5. HP: 33/33 MP: 5/5
  2201 | D:3      | Found Dimmibb's Vocational Training.
  2645 | D:4      | Noticed a black bear
  2653 | D:4      | Killed a black bear
  2654 | D:4      | Reached XP level 6. HP: 38/38 MP: 6/6
  2735 | D:4      | Noticed Edmund
  2744 | D:4      | HP: 1/38 [Edmund/+1 flail of holy wrath (7)]
  2762 | D:4      | Killed Edmund
  2942 | D:4      | Reached XP level 7. HP: 40/43 MP: 7/7
  3153 | D:5      | Entered Level 5 of the Dungeon
  3368 | D:5      | Found a staircase to the Ecumenical Temple.
  3375 | Temple   | Entered the Ecumenical Temple
  3382 | Temple   | Became a worshipper of Ashenzari the Shackled
  3546 | D:5      | Reached skill level 4 in Unarmed Combat
  3604 | D:5      | Reached XP level 8. HP: 47/50 MP: 8/8
  4440 | D:5      | Reached * piety under Ashenzari
  4494 | D:5      | Identified the +0 scale mail "Kyaheubb" {Str+3 Int+3}
  4641 | D:6      | Noticed a two-headed ogre
  4683 | D:6      | Reached skill level 5 in Unarmed Combat
  4700 | D:6      | Noticed an animated storm dragon scales
  4701 | D:6      | Found Kockicul's Armour Shop.
  4701 | D:6      | Noticed an animated crystal plate armour
  5019 | D:6      | Killed a two-headed ogre
  5020 | D:6      | Reached skill level 6 in Unarmed Combat
  5020 | D:6      | Reached XP level 9. HP: 27/59 MP: 9/9
  5202 | D:6      | Noticed a cyclops
  5295 | D:6      | Killed a cyclops
  5296 | D:6      | Reached skill level 7 in Unarmed Combat
  5483 | D:6      | Found a hide-covered altar of Uskayaw.
  5486 | D:6      | Noticed a +0 dagger
  5487 | D:6      | Noticed a +0 hand axe
  5683 | D:7      | Reached skill level 5 in Dodging
  5883 | D:7      | Reached skill level 8 in Unarmed Combat
  5911 | D:7      | Reached skill level 5 in Fighting
  6443 | D:7      | Reached XP level 10. HP: 66/69 MP: 10/10
  6460 | D:7      | Reached skill level 9 in Unarmed Combat
  6921 | D:8      | Noticed an orange demon
  6921 | D:8      | Noticed Amaemon
  7082 | D:8      | Reached skill level 10 in Unarmed Combat
  7116 | D:8      | Killed Amaemon
  7122 | D:8      | Killed an orange demon
  7177 | D:8      | Noticed Jeremiah
  7225 | D:8      | Killed Jeremiah
  7226 | D:8      | Reached skill level 11 in Unarmed Combat
  7364 | D:8      | Reached ** piety under Ashenzari
  7428 | D:8      | Noticed a two-headed ogre
  7440 | D:8      | Killed a two-headed ogre
  7602 | D:8      | Reached XP level 11. HP: 54/77 MP: 11/11
  7609 | D:8      | Reached skill level 12 in Unarmed Combat
  7741 | D:8      | Found a staircase to the Lair.
  8101 | D:9      | Found a flagged portal.
  8201 | Bailey   | Entered a bailey
  8278 | Bailey   | Found a bloodstained altar of Trog.
  8383 | D:9      | You fall into a shaft and drop 2 floors!
  8392 | D:11     | Noticed a manticore
  8402 | D:11     | Killed a manticore
  8410 | D:10     | Entered Level 10 of the Dungeon
  8474 | D:10     | Reached skill level 1 in Evocations
  8596 | D:10     | Reached skill level 13 in Unarmed Combat
  8823 | D:10     | Noticed a two-headed ogre
  8831 | D:10     | Noticed a deep elf pyromancer
  8836 | D:10     | Killed a two-headed ogre
  8856 | D:10     | Killed a deep elf pyromancer
  8857 | D:10     | Reached skill level 10 in Shapeshifting
  8857 | D:10     | HP: 2/80 [burnt (11)]
  9339 | D:10     | Found Ginno's Weapon Shoppe.
  9449 | D:10     | Noticed Maggie
  9455 | D:10     | Killed Maggie
  9523 | D:10     | Reached skill level 14 in Unarmed Combat
  9622 | D:10     | Reached XP level 12. HP: 80/86 MP: 12/12
  9806 | D:11     | Found Duuroh's Book Shoppe.
  9812 | D:11     | Identified the +5 ring mail of Panentheism {Fly}
  9874 | D:11     | Noticed Nergalle
  9886 | D:11     | Killed Nergalle
 10140 | D:11     | Found a hazy altar of Hepliaklqana.
 10311 | D:12     | Found a one-way gate to the infinite horrors of the Abyss.
 10311 | D:12     | Noticed HilariousDeathArtist's ghost (journeyman MfWr)
 10348 | D:12     | Found a staircase to the Orcish Mines.
 10372 | D:12     | Reached skill level 15 in Unarmed Combat
 10552 | D:12     | Noticed Sonja
 10553 | D:12     | Sonja changed into Sonja the sky beast
 10553 | D:12     | Noticed Sonja
 10560 | D:12     | Killed Sonja the sky beast
 10600 | D:12     | Noticed an occultist
 10607 | D:12     | Found a transporter.
 10634 | D:12     | Found a transporter.
 10684 | D:12     | Noticed a rakshasa
 10726 | D:12     | Identified Lugonu's Catalogue of Peregrination
 10822 | D:12     | Found a large runed translucent door.
 10822 | D:12     | Found a large runed translucent door.
 10882 | D:12     | Identified a scroll of acquirement
 10905 | D:12     | Found a portal to a secret trove of treasure.
 10914 | D:12     | Acquired a manual of Unarmed Combat
 10988 | D:12     | Paralysed by an air elemental for 1 turns
 10997 | D:12     | Reached skill level 5 in Evocations
 11071 | D:13     | Noticed a boulder beetle
 11079 | D:13     | Killed a boulder beetle
 11206 | D:13     | Acquired a +6 ring of strength
 11341 | D:13     | Reached skill level 16 in Unarmed Combat
 11401 | D:13     | Found a gate to the Vaults.
 11403 | D:13     | Noticed a vault guard
 11421 | D:13     | Killed a vault guard
 11708 | D:13     | Noticed a catoblepas
 11716 | D:13     | Killed a catoblepas
 11717 | D:13     | Reached XP level 13. HP: 95/95 MP: 13/13
 12086 | Lair:1   | Entered Level 1 of the Lair of Beasts
 12135 | Lair:1   | Noticed Grum
 12145 | Lair:1   | Killed Grum
 12440 | Lair:1   | Reached skill level 17 in Unarmed Combat
 12774 | Lair:1   | Reached *** piety under Ashenzari
 13000 | Lair:2   | Found a frozen archway.
 13231 | IceCv    | Entered an ice cave
 13352 | IceCv    | Identified the ring of Symmetry {Ice Fly Will+ rCorr Str+2}
 13435 | IceCv    | HP: 5/117 [titanic slime creature (65)]
 13835 | IceCv    | Noticed a quicksilver ooze
 13849 | IceCv    | Killed a quicksilver ooze
 14041 | IceCv    | Reached skill level 18 in Unarmed Combat
 14180 | IceCv    | Found a viscous altar of Jiyva.
 14180 | IceCv    | Noticed an azure jelly
 14183 | IceCv    | Noticed a quicksilver ooze
 14190 | IceCv    | Killed an azure jelly
 14195 | IceCv    | Killed a quicksilver ooze
 14196 | IceCv    | Reached skill level 10 in Dodging
 14299 | IceCv    | Identified the +2 dagger of Sin {freeze, rCorr Int+4}
 14301 | IceCv    | Identified the ring of Cynicism {rC+ Str-4 Int+7 Dex+4}
 14301 | IceCv    | Identified the amulet "Zaxkesir" {rElec Regen+}
 14443 | Lair:2   | Reached skill level 10 in Fighting
 14497 | Lair:2   | Reached XP level 14. HP: 104/104 MP: 14/14
 14788 | Lair:2   | Found a staircase to the Shoals.
 15054 | Lair:2   | Reached skill level 19 in Unarmed Combat
 15872 | Lair:3   | Found a staircase to the Snake Pit.
 16171 | Lair:3   | Reached XP level 15. HP: 114/114 MP: 15/15
 16683 | Lair:4   | Found a staircase to the Slime Pits.
 16686 | Lair:4   | Found a viscous altar of Jiyva.
 16700 | Lair:4   | Reached **** piety under Ashenzari
 17276 | Lair:5   | Entered Level 5 of the Lair of Beasts
 17292 | Lair:5   | Reached skill level 20 in Unarmed Combat
 17395 | Lair:5   | Identified the ring of Peykh {rC+ Str+6 SInv}
 18468 | Orc:1    | Entered Level 1 of the Orcish Mines
 18619 | Orc:2    | Entered Level 2 of the Orcish Mines
 18621 | Orc:2    | Found Xapi's Antique Weapon Shoppe.
 18621 | Orc:2    | Noticed an orc warlord
 18643 | Orc:2    | Killed an orc warlord
 18796 | Orc:2    | Found Moxibus's Jewellery Boutique.
 18807 | Orc:2    | Noticed Josephine
 18816 | Orc:2    | Killed Josephine
 18915 | Orc:2    | Found a runed translucent gate.
 18915 | Orc:2    | Found a runed translucent gate.
 18915 | Orc:2    | Found a runed translucent gate.
 18915 | Orc:2    | Identified the +1 robe of Midnight {rPois rF+ rCorr Stlth-}
 18915 | Orc:2    | Noticed knightboat's ghost (journeyman OnFE)
 18925 | Orc:2    | Found Kuemn's General Store.
 18981 | Orc:2    | Bought a scroll of immolation for 56 gold pieces
 19066 | Orc:2    | Reached XP level 16. HP: 126/126 MP: 17/17
 19518 | Orc:2    | Found Cuxkei's Antique Armour Boutique.
 19526 | Orc:2    | Bought a runed hat for 175 gold pieces
 19564 | Orc:2    | Found an iron altar of Okawaru.
 19646 | Orc:2    | Found a staircase to the Elven Halls.
 19745 | Orc:2    | Killed knightboat's ghost
 19882 | D:12     | Killed HilariousDeathArtist's ghost
 20101 | D:14     | Identified the +2 helmet of Widoigg {rF+ Will- Dex+3}
 20218 | D:14     | Found a broken altar of Ashenzari.
 20234 | D:14     | Found the Hermit's Pendant {Faith Invo=14 Evo=0 MP+5}
 20236 | D:14     | Found a transporter.
 20236 | D:14     | Found the +5 demon whip "Spellbinder" {antimagic, disrupt,
                  | Will+}
 20236 | D:14     | Identified the +0 helmet "Vurynn" {Str+3 Int+3 SInv}
 20253 | D:14     | Found a transporter.
 20489 | D:15     | Entered Level 15 of the Dungeon
 20662 | D:15     | Identified the +6 dagger "Anguruso" {freeze, MP+9}
 20780 | D:15     | Found a staircase to the Depths.
 21243 | Snake:1  | Entered Level 1 of the Snake Pit
 21251 | Snake:1  | Reached skill level 21 in Unarmed Combat
 21444 | Snake:1  | Noticed Agnes
 21449 | Snake:1  | Killed Agnes
 21482 | Snake:1  | Found Rixot's General Store.
 21529 | Snake:1  | Reached XP level 17. HP: 135/135 MP: 18/18
 21548 | Snake:1  | Found Gubec's Jewellery Emporium.
 21548 | Snake:1  | Found Nixtizxa's Armour Shoppe.
 21549 | Snake:1  | Found Waramal's Assorted Antiques.
 21551 | Snake:1  | Found Wabb's Jewellery Emporium.
 21553 | Snake:1  | Bought a potion of mutation for 192 gold pieces
 21559 | Snake:1  | Bought the ring of Vaoruam {rPois Dex+3 SInv} for 487 gold
                  | pieces
 21562 | Snake:1  | Bought the ring "Fikhih" {rElec rF+ rC+ rN+ Will+} for 629
                  | gold pieces
 21562 | Snake:1  | Bought a dragon-blood talisman for 660 gold pieces
 21877 | Snake:2  | Noticed Nikola
 21878 | Snake:2  | Killed Nikola
 21942 | Snake:2  | Noticed Vashnia
 21981 | Snake:2  | Killed Vashnia
 22200 | Snake:2  | Found Mitak's Jewellery Shop.
 22209 | Snake:2  | Found Jedum's Assorted Antiques.
 22224 | Snake:2  | Bought a scroll of teleportation for 93 gold pieces
 22224 | Snake:2  | Bought a potion of might for 124 gold pieces
 22304 | Snake:2  | Found Giunaim's Weapon Boutique.
 22362 | Snake:2  | Found Sopaomuf's Assorted Antiques.
 23006 | Snake:4  | Entered Level 4 of the Snake Pit
 23006 | Snake:4  | Found Guxzese's Armour Shop.
 23194 | Snake:4  | Reached XP level 18. HP: 142/142 MP: 18/18
 23226 | Snake:4  | Reached skill level 15 in Shapeshifting
 23400 | Snake:4  | Reached skill level 22 in Unarmed Combat
 23620 | Snake:4  | Reached skill level 15 in Dodging
 23634 | Snake:4  | Reached skill level 15 in Fighting
 23719 | Snake:4  | Got a jade gem with 185 turns to spare
 23721 | Snake:4  | Got a serpentine rune of Zot
 23902 | Snake:1  | Lost the jade gem through the power of Zot.
 24181 | Elf:1    | Entered Level 1 of the Elven Halls
 24294 | Elf:1    | Found a huge runed translucent gate.
 24295 | Elf:1    | Found a huge runed translucent gate.
 24296 | Elf:1    | Found a huge runed translucent gate.
 24296 | Elf:1    | Found a huge runed translucent gate.
 24297 | Elf:1    | Found a huge runed translucent gate.
 24298 | Elf:1    | Found a huge runed translucent gate.
 24298 | Elf:1    | Found a huge runed translucent gate.
 24298 | Elf:1    | Found a huge runed translucent gate.
 24298 | Elf:1    | Found a huge runed translucent gate.
 24298 | Elf:1    | Found a huge runed translucent gate.
 24299 | Elf:1    | Found a huge runed translucent gate.
 24299 | Elf:1    | Found a huge runed translucent gate.
 24299 | Elf:1    | Found a huge runed translucent gate.
 24299 | Elf:1    | Found a huge runed translucent gate.
 24299 | Elf:1    | Found a huge runed translucent gate.
 24299 | Elf:1    | Found a huge runed translucent gate.
 24299 | Elf:1    | Found a huge runed translucent gate.
 24299 | Elf:1    | Found a huge runed translucent gate.
 24300 | Elf:1    | Found a huge runed translucent gate.
 24300 | Elf:1    | Found a huge runed translucent gate.
 24302 | Elf:1    | Noticed a deep elf blademaster
 24302 | Elf:1    | Identified the Compendium of Azure Conflagration
 24320 | Elf:1    | Killed a deep elf blademaster
 24440 | Elf:1    | Found Ochidarr's General Store.
 24503 | Elf:1    | Found Qaet's Distillery.
 24508 | Elf:1    | Found Qucsolum's Assorted Antiques.
 24511 | Elf:1    | Bought a potion of brilliance for 44 gold pieces
 24511 | Elf:1    | Bought a potion of might for 44 gold pieces
 24511 | Elf:1    | Bought a potion of haste for 110 gold pieces
 24527 | Elf:1    | Found the +7 hand cannon "Mule" {flame, backblast, rF+}
 24587 | Elf:1    | Found Dayw's Firing Range.
 24834 | Elf:1    | Reached XP level 19. HP: 150/150 MP: 19/19
 25182 | Elf:2    | Found Nivuut's Antique Armour Shoppe.
 25436 | Elf:2    | Found a huge runed translucent gate.
 25436 | Elf:2    | Found a huge runed translucent gate.
 25447 | Elf:2    | Found a huge runed translucent gate.
 25533 | Elf:2    | Found a huge runed translucent gate.
 25533 | Elf:2    | Found a huge runed translucent gate.
 25550 | Elf:3    | Entered Level 3 of the Elven Halls
 25706 | Elf:3    | Noticed a Hell Sentinel
 25812 | Elf:3    | Found Jymois's Antique Weapon Emporium.
 26194 | Elf:3    | Identified the +1 leather armour "Satira" {^Drain rElec
                  | Will+++ Int-4}
 26488 | Elf:3    | Identified the +2 chain mail of Bol Feic {rPois rCorr
                  | Str-2}
 26500 | Elf:3    | Identified the ring "Quarch" {rN+ Slay+3}
 26500 | Elf:3    | Identified the +3 crystal plate armour of Relativism {Will+
                  | Str+5 Int-2}
 26794 | Elf:3    | Identified the +5 glaive of Xutelyany {venom, rC+ Int+2}
 26912 | Elf:3    | Identified the +7 shortbow of the Battered Ghosts {freeze,
                  | rF+}
 27358 | Shoals:1 | Entered Level 1 of the Shoals
 27497 | Shoals:1 | Reached skill level 23 in Unarmed Combat
 27564 | Shoals:1 | Reached XP level 20. HP: 163/163 MP: 21/21
 28023 | Shoals:2 | Noticed Ilsuiw
 28033 | Shoals:2 | Killed Ilsuiw
 28860 | Shoals:3 | Found a large runed translucent door.
 28860 | Shoals:3 | Found a large runed translucent door.
 28861 | Shoals:3 | Noticed jasper's ghost (adept KoBe)
 28881 | Shoals:3 | Killed jasper's ghost
 28897 | Shoals:4 | Entered Level 4 of the Shoals
 29098 | Shoals:4 | Got an azure gem with 227 turns to spare
 29100 | Shoals:4 | Got a barnacled rune of Zot
 29301 | Slime:1  | Entered Level 1 of the Pits of Slime
 29379 | Slime:5  | Entered Level 5 of the Pits of Slime
 29434 | Slime:5  | Identified the Discourse on Thunder and Attendants
 29438 | Slime:5  | Noticed the Royal Jelly
 29472 | Slime:5  | Killed the Royal Jelly
 29529 | Slime:5  | HP: 3/249 [eye of devastation/bolt of devastation (41)]
 29537 | Slime:5  | Reached XP level 21. HP: 21/172 MP: 22/22
 29539 | Slime:5  | HP: 11/258 [azure jelly (16)]
 29547 | Slime:5  | HP: 9/258 [azure jelly (9)]
 29756 | Slime:5  | Identified the ring of Wominidd {rElec Will+ Int-4 Slay+2}
 29784 | Slime:5  | Identified the +1 pair of boots of the Beginning {rC+
                  | Str+2}
 29785 | Slime:5  | Identified the Anthology of the Translocated Mantle
 29787 | Slime:5  | Identified the +3 scale mail of Xaifaod {rF+ Will+ Int+3}
 29841 | Slime:5  | Gained mutation: You occasionally lose the ability to drink
                  | potions when taking damage. [a shining eye]
 29881 | Slime:5  | Got a starry gem with 95 turns to spare
 29889 | Slime:5  | Got a slimy rune of Zot
 30219 | Vaults:1 | Entered Level 1 of the Vaults
 30393 | Vaults:1 | Found Doummy Obli's Antique Armour Shoppe.
 31605 | Vaults:2 | Reached skill level 24 in Unarmed Combat
 31715 | Vaults:2 | Identified the +6 flail of Capital Punishment {holy, rN+
                  | Int+4}
 32055 | Vaults:2 | Found a staircase to the Crypt.
 32144 | Vaults:2 | Identified the serpent talisman "Gajoczel" {rElec Will++
                  | rCorr}
 32144 | Vaults:2 | Noticed Aizul
 32148 | Vaults:2 | Killed Aizul
 32456 | Vaults:3 | Found Udickijo's Jewellery Boutique.
 32490 | Vaults:3 | Bought the ring "Aweluot" {AC+4 Dex+6} for 1278 gold pieces
 32546 | Vaults:3 | Lost mutation: You occasionally lose the ability to drink
                  | potions when taking damage. [potion of mutation]
 32546 | Vaults:3 | Gained mutation: Your magical capacity is low. (-10% MP)
                  | [potion of mutation]
 32546 | Vaults:3 | Gained mutation: You occasionally shout uncontrollably at
                  | your foes. [potion of mutation]
 32622 | Vaults:3 | Reached XP level 22. HP: 180/180 MP: 20/20
 33510 | Vaults:4 | Found Xuill's Distillery.
 33554 | Vaults:4 | Found Empum's Armour Shop.
 33736 | Vaults:4 | Found Digu's Magic Scroll Boutique.
 33737 | Vaults:4 | Identified the +2 robe of the Unbroken {rN+}
 33744 | Vaults:4 | Bought a scroll of teleportation for 63 gold pieces
 33778 | Vaults:4 | Found Kaysouho's Jewellery Emporium.
 34029 | Vaults:4 | Noticed Donald
 34033 | Vaults:4 | Killed Donald
 34153 | Vaults:4 | Found Dotasiboi's Antique Weapon Shoppe.
 34636 | Vaults:4 | Identified the +3 triple crossbow "Qaruomp" {penet, Str+2}
 34636 | Vaults:4 | Identified the +3 arbalest of the Pure Mice {antimagic,
                  | Will++}
 34709 | Vaults:5 | Entered Level 5 of the Vaults
 34714 | Vaults:5 | Noticed a golden dragon
 34723 | Vaults:5 | Noticed a golden dragon
 34745 | Vaults:5 | Reached XP level 23. HP: 188/188 MP: 21/21
 34758 | Vaults:5 | Killed a golden dragon
 34768 | Vaults:5 | Identified the +0 chain mail of Absolutism {rElec rF- rN+
                  | Dex+5}
 34787 | Vaults:5 | Identified the +9 whip of Supply {freeze, ^Drain rC++
                  | Int+2}
 34833 | Vaults:5 | Noticed an ancient lich
 34833 | Vaults:5 | Noticed a golden dragon
 34849 | Vaults:5 | Killed an ancient lich
 34850 | Vaults:5 | Killed a golden dragon
 34860 | Vaults:5 | Reached skill level 25 in Unarmed Combat
 34883 | Vaults:5 | Identified the +1 flail of Calculation {freeze, rN+ MP+9}
 34947 | Vaults:5 | Killed a golden dragon
 34979 | Vaults:5 | Identified the +2 shortbow of Welfare {elec, Int+3}
 35000 | Vaults:5 | Found Otuopy's Antique Armour Emporium.
 35018 | Vaults:5 | Noticed a dread lich
 35019 | Vaults:5 | Identified the +4 dagger of Misy {elec, *Rage rC++}
 35028 | Vaults:5 | Killed a dread lich
 35082 | Vaults:5 | Identified the Atlas of Electricity and the Jinx
 35151 | Vaults:5 | Noticed a dread lich
 35163 | Vaults:5 | Killed a dread lich
 35173 | Vaults:5 | Noticed a golden dragon
 35175 | Vaults:5 | Killed a golden dragon
 35500 | Vaults:5 | Identified the +6 flail "Baitade" {flame, rPois rF+}
 35520 | Vaults:5 | Got a silver rune of Zot
 36196 | Depths:1 | Entered Level 1 of the Depths
 36220 | Depths:1 | Reached ***** piety under Ashenzari
 36240 | Depths:1 | Found a one-way gateway to a ziggurat.
 36265 | Depths:1 | Found a magical portal.
 36282 | WizLab   | Entered Yara's Duelist Academy
 36309 | WizLab   | Noticed Focemunt
 36320 | WizLab   | Killed Focemunt the Head Instructor
 36345 | WizLab   | Reached XP level 24. HP: 202/202 MP: 16/22
 36695 | Depths:1 | Found a runed translucent door.
 36696 | Depths:1 | Identified the ring "Qanew" {Fire Dex+3}
 36697 | Depths:1 | Found a gateway to Hell.
 36772 | Depths:1 | Acquired 580 gold pieces
 37185 | Depths:1 | Identified the +0 quarterstaff of Contention {flame, rPois
                  | Int-2 Stlth+}
 37198 | Depths:1 | Identified the ring of Jelisser {Int+2 SInv}
 37797 | Depths:4 | Entered Level 4 of the Depths
 37821 | Depths:4 | Reached skill level 26 in Unarmed Combat
 37945 | Depths:4 | Found a gate to the Realm of Zot.
 37951 | Depths:4 | Got a midnight gem with 1718 turns to spare
 38021 | Depths:3 | Voluntarily entered the Abyss.
 38107 | Abyss:1  | Reached skill level 1 in Stealth
 38109 | Abyss:1  | Reached XP level 25. HP: 210/210 MP: 22/22
 38133 | Abyss:1  | Found a corrupted altar of Lugonu.
 38190 | Abyss:4  | Found a transporter.
 38214 | Abyss:4  | Reached skill level 1 in Translocations
 38256 | Abyss:4  | Reached skill level 1 in Spellcasting
 38262 | Abyss:4  | Found a transporter.
 38267 | Abyss:4  | Got an abyssal rune of Zot
 38390 | Abyss:4  | Found a transporter.
 38411 | Depths:3 | Escaped the Abyss
 38778 | Depths:2 | Found a one-way gate leading to the halls of Pandemonium.
 38959 | Depths:2 | Identified the Parchment of Rocky Trauma
 39223 | Depths:3 | Reached skill level 5 in Stealth
 39369 | Depths:3 | Reached skill level 5 in Translocations
 39388 | Depths:3 | Noticed a juggernaut
 39401 | Depths:3 | Killed a juggernaut
 39424 | Depths:3 | Identified the amulet "Voqudayc" {Reflect rElec rN+ Will+
                  | Int+3 SH+5}
 39424 | Depths:3 | Identified the +2 rapier of Dim Light {holy, rElec rF+}
 39425 | Depths:3 | Identified the +3 ring mail of Compassion {Int+2 SInv}
 39638 | Depths:3 | Identified the +1 orcbow "Ruledo" {heavy, rPois rCorr Str+2
                  | Dex-2}
 39664 | Depths:3 | Noticed a juggernaut
 39674 | Depths:3 | Reached skill level 5 in Spellcasting
 39677 | Depths:3 | Killed a juggernaut
 39724 | Depths:3 | Gained mutation: Your body sometimes deteriorates upon
                  | taking damage. [a shining eye]
 39919 | Depths:3 | Reached XP level 26. HP: 209/217 MP: 34/34
 39971 | Depths:3 | Noticed a juggernaut
 39984 | Depths:3 | Killed a juggernaut
 40168 | Depths:3 | Lost the midnight gem through the power of Zot.
 40235 | Depths:4 | Reached skill level 10 in Stealth
 40291 | Depths:4 | Reached skill level 10 in Translocations
 40307 | Depths:4 | Identified the +0 falchion of Welfare {spect, rPois Dex+3
                  | Stlth+}
 40540 | Depths:4 | Found a runed translucent gate.
 40540 | Depths:4 | Found a runed translucent gate.
 40540 | Depths:4 | Found a runed translucent gate.
 40540 | Depths:4 | Noticed Qowilec's ghost (adept VSFi)
 40543 | Depths:4 | Identified the +0 plate armour of Muttered Phrases {Harm
                  | rN+ Str+2 Dex-4}
 40559 | Depths:4 | Killed Qowilec's ghost
 40640 | Depths:4 | Learned a level 4 spell: Manifold Assault
 40642 | Depths:4 | Learned a level 1 spell: Apportation
 40645 | Depths:4 | Learned a level 2 spell: Blink
 40653 | Depths:4 | Learned a level 7 spell: Malign Gateway
 40837 | Vaults:3 | Bought a talisman of death for 1840 gold pieces
 40923 | Crypt:1  | Entered Level 1 of the Crypt
 40988 | Crypt:1  | Reached skill level 1 in Summonings
 41170 | Crypt:1  | Reached skill level 1 in Shields
 41217 | Crypt:1  | Identified the +0 shadow dragon scales "Gut Dinn" {Slay+3
                  | Stlth++++}
 41257 | Crypt:1  | Found an ancient bone altar of Kikubaaqudgha.
 41399 | Crypt:1  | Noticed Boris
 41406 | Crypt:1  | Killed Boris
 41436 | Crypt:1  | Identified the cursed +2 hat "Ennui of Ashenzari" {Self,
                  | Melee} (You found it on level 4 of the Dungeon)
 41525 | Crypt:2  | Identified the +7 chain mail of the End {rC+ rCorr Int+2}
 41626 | Crypt:3  | Entered Level 3 of the Crypt
 41729 | Crypt:3  | Found a basalt altar of Yredelemnul.
 41753 | Crypt:3  | Reached skill level 5 in Shields
 41767 | Crypt:3  | Reached XP level 27. HP: 224/224 MP: 37/37
 41886 | Crypt:3  | Identified the ring of Vifaiku {rElec rN+ Will- rCorr SInv}
 41886 | Crypt:3  | Identified the ring "Saoqet" {rPois rN+ Str+3 Dex-4 Slay+5}
 41949 | Crypt:3  | Noticed Boris
 41961 | Crypt:3  | Killed Boris
 41985 | Crypt:3  | Noticed Jory
 41994 | Crypt:3  | Killed Jory
 42044 | Crypt:3  | Identified the Compilation of Bodies
 42187 | Crypt:3  | Found a staircase to the Tomb.
 42212 | Crypt:3  | Got an ivory gem with 677 turns to spare
 42215 | Tomb:1   | Entered Level 1 of the Tomb of the Ancients
 42367 | Tomb:1   | Reached skill level 10 in Shields
 42488 | Tomb:1   | Identified the amulet of Ytwonent {Spirit Will+ Dex+2
                  | Stlth+}
 42525 | Tomb:2   | Noticed Mennas
 42532 | Tomb:2   | Noticed a royal mummy
 42539 | Tomb:2   | Noticed a royal mummy
 42551 | Tomb:2   | Killed a royal mummy
 42553 | Tomb:2   | Noticed a royal mummy
 42559 | Tomb:2   | Noticed a royal mummy
 42575 | Tomb:2   | Killed a royal mummy
 42599 | Tomb:2   | Killed a royal mummy
 42619 | Tomb:2   | Slain by an ancient champion

Illustrated notes

Levels and vault maps discovered:
D:1:      dpeg_arrival_stonehenge_8_columns, layout_basic, chequers_jeans,
          minivault_4
D:2:      layout_loops_corners, serial_shops, nicolae_square_shop,
          minmay_pentomino_p2
D:3:      layout_loops_corners, nicolae_shop_vocational
D:4:      kennysheep_spiral_hall, layout_loops_ring, uniq_edmund
D:5:      layout_layer_cave, minmay_temple_entry_enclosed_plants, minmay_puff
D:6:      layout_cave_pods, dancing_weapons_uskayaw, serial_shops,
          nicolae_shop_mannequins, minmay_manual_monolith
D:7:      layout_basic
D:8:      layout_basic, erik_lair_dragon, uniq_amaemon, uniq_jeremiah
D:9:      layout_rooms, enter_bailey_5
D:10:     lemuel_slime, layout_loops_cross, serial_shops,
          nicolae_shop_getting_attention, uniq_maggie
D:11:     layout_cross, serial_shops, shop,
          nicolae_hepliaklqana_monster_ancestors, uniq_nergalle
D:12:     layout_loops_ring, minmay_orc_entry_guard_dogs,
          gammafunk_ghost_abyssal_escape, enter_trove_3,
          lightli_elemental_guards, uniq_sonja
D:13:     layout_loops_corners, hellmonk_vaults_order_and_chaos
D:14:     gammafunk_sealed_arena, layout_cave_pools,
          ashenzari_conservatory_becter
D:15:     grunt_enter_depths_hoard, layout_cave_pools
Temple:   minmay_crystal_snake_temple
Lair:1:   layout_roguey, minivault_19, infiniplex_staircase_pool_2,
          serial_bayou_shore_a, uniq_grum
Lair:2:   nzn_winding_woodlands_huge [nzn_winding_woodlands_5x15_eye,
          nzn_winding_woodlands_5x15_concentric,
          nzn_winding_woodlands_5x15_split_checker,
          nzn_winding_woodlands_5x15_default, nzn_winding_woodlands_5x15_parted,
          nzn_winding_woodlands_5x15_longhouse,
          nzn_winding_woodlands_5x15_garden,
          nzn_winding_woodlands_5x15_pathside_ponds,
          nzn_winding_woodlands_5x15_twine,
          nzn_winding_woodlands_5x15_sidewinder,
          nzn_winding_woodlands_center_lodge,
          nzn_winding_woodlands_center_triple_pond,
          nzn_winding_woodlands_15x15_killbox], layout_regular_city,
          nicolae_shoals_entry_roost, portal_ice_cave_entry_imps,
          beast_lair_carwin_8
Lair:3:   layout_cave_pods, guppyfry_snake_entry_island
Lair:4:   beast_lair_carwin_large_2, layout_loops_ring,
          minmay_slime_entry_pillars
Lair:5:   minmay_lair_end_frog_pond, layout_hall_layers, lemuel_fruit_tree
Shoals:1: layout_shoals
Shoals:2: layout_shoals, uniq_ilsuiw
Shoals:3: layout_shoals, ebering_ghost_disaster_area
Shoals:4: shoals_end_grunt_ice, layout_shoals, shoals_ilsuiw_alternative,
          nicolae_shoals_isolated_beach, uniq_polyphemus
Snake:1:  layout_onion, serial_shops, nicolae_take_the_stairs, minmay_shoptagon,
          uniq_agnes
Snake:2:  layout_onion, serial_shops, shop, shop, nicolae_shop_real_fake_doors,
          nicolae_shop_temple_entry_statues_fountains, uniq_vashnia, uniq_nikola
Snake:3:  layout_rooms, st_stairs_12
Snake:4:  minmay_snake_end_coiled, layout_misc_corridors, serial_shops, shop,
          nicolae_snake_dead_anacondas
Slime:1:  layout_caves, nicolae_slime_getting_an_eyeful
Slime:2:  layout_caves
Slime:3:  layout_caves, cheibrodos_slime_lost_civilization_7
Slime:4:  cheibrodos_slime_lost_civilization_1, layout_caves
Slime:5:  slime_pit_nicolae_amoeboid
Orc:1:    layout_caves
Orc:2:    grunt_orc_gardens, layout_caves, grunt_orc_garden, grunt_orc_garden,
          grunt_orc_garden, grunt_orc_garden, gammafunk_ghost_fury_of_okawaru,
          uniq_josephine
Elf:1:    eino_elf_arrival_sip, layout_loops_cross, serial_shops, shop,
          hangedman_elf_represent, hangedman_glass_teeth,
          nicolae_shop_firing_range, minmay_shop_star
Elf:2:    elven_hall_of_blades_hangedman_alternative
          [nicolae_blade_entry_pointy_end], layout_rooms, serial_shops, shop,
          nrook_loot_triangle
Elf:3:    minmay_elf_hall_curves, layout_onion_city, serial_shops,
          nicolae_shop_overgrown_old_shop, corexii_checkpoint
Vaults:1: v_misc_24, nicolae_vaults_twisting_passages, hangedman_vaults_unwind,
          nicolae_vaults_door_testing_chamber, vaults_room_door_hall,
          nicolae_vaults_offset_grid_hallway_4, grunt_vaults_bifocal, v_misc_26,
          nicolae_vaults_shrinking_rooms_1, vaults_dpeg_hooks,
          layout_vaults_omnicross, serial_shops, shop
Vaults:2: blue_anna_dwarven_crypt, ontoclasm_vaults_eye,
          nicolae_vaults_circle_grid_a, nicolae_vaults_closet_pinwheel_5,
          hangedman_vaults_slice, nicolae_vaults_stairing_the_circle,
          nicolae_vaults_offset_grid_hallway_2,
          nicolae_vaults_network_periphery, nicolae_vaults_layer_cake_slice,
          nicolae_vaults_trapezoid_layered, v_misc_24, vaults_room_hallway,
          layout_vaults_ring, uniq_aizul
Vaults:3: ontoclasm_vaults_gateway, nicolae_vaults_closet_pinwheel_5,
          nicolae_vaults_security_offices_6, nicolae_vaults_frosty_reception,
          hangedman_vaults_slice, nicolae_vaults_offset_grid_hallway_2,
          v_misc_2, nicolae_vaults_tangram_2, nicolae_vaults_specimen_jars,
          ontoclasm_vaults_decontamination, nicolae_vaults_closet_pinwheel_5,
          nicolae_vaults_sightless_eye, layout_vaults_omnibox, serial_shops,
          shop
Vaults:4: nicolae_vaults_mush_room, hangedman_vaults_stretched_pinwheel,
          hangedman_vaults_cutoff, vaults_standard_mumra_enter_the_diamond,
          nicolae_vaults_what_the_h, nicolae_vaults_house_3, v_alt_pattern_3,
          v_alt_pattern_2, nicolae_vaults_yaktaur_gun_rack,
          nicolae_vaults_theta, layout_vaults_omnigrid, serial_shops,
          nicolae_shop_temple_entry_statues_fountains,
          nicolae_shop_behind_doors, shop, nicolae_shop_crystal,
          nicolae_shop_trees, uniq_donald
Vaults:5
Crypt:1:  lemuel_vampire_tower, layout_chaotic_city, uniq_margery, uniq_boris
Crypt:2:  layout_rooms, nicolae_crypt_crosshalls, lemuel_elevator
Crypt:3:  grunt_crypt_end_deaths_head
Tomb:1
Tomb:2:   uniq_mennas
Depths:1: minmay_the_grid_triangle_9x9_recursive_2
          [minmay_the_grid_triangle_9x9_prize_schism,
          minmay_the_grid_triangle_9x9_corrupted_corridor,
          minmay_the_grid_triangle_9x9_wacky_v,
          minmay_the_grid_triangle_9x9_swiss_cheese], layout_basic,
          enter_ziggurat_f, infiniplex_enter_wizlab_glasses,
          chequers_serial_rivers_large_b, hell_entry, minmay_crystal_box
Depths:2: nicolae_terramorphic_expanse [nicolae_terramorphic_quarter,
          nicolae_terramorphic_quarter, nicolae_terramorphic_quarter,
          nicolae_terramorphic_quarter, nicolae_terramorphic_quarter,
          nicolae_terramorphic_biome, nicolae_terramorphic_biome,
          nicolae_terramorphic_biome, nicolae_terramorphic_biome],
          layout_cave_pools, kennysheep_path_1, pf_hell_entry_tar_river,
          rand_demon_pan_entry_8, chequers_serial_rivers_small_3,
          kennysheep_kite_vault
Depths:3: minmay_octagon_city, layout_gridlike, minmay_misc_feat_secret_circle,
          abyss_entry, grunt_mini_vestibule, infiniplex_staircase_hallway_doors
Depths:4: evilmike_zot_entry_diamond, layout_cave_pools,
          grunt_pan_entry_sceptre, hell_entry, biasface_ghost_demon_polymorph

Skill      XL: |  1  2  3  4  5  6  7  8  9 10 11 12 13 14 15 16 17 18 19 20 21 22 23 24 25 26 27 |
---------------+----------------------------------------------------------------------------------+-----
Shapeshifting  | 4 5 6 7 8 9 10 11 12 13 14 15 16 17 18 19 20 21 | 21.9
Fighting       | 2 3 5 6 7 9 10 11 12 13 14 15 16 17 18 19 20 21 | 21.1
Unarmed Combat | 4 6 8 11 14 16 18 19 20 21 22 23 24 25 26 | 26.1
Dodging        | 4 5 6 7 9 10 11 12 13 14 15 16 18 20 21 22 23 24 | 24.2
Evocations     | 3 5 7 8 9 |  9.2
Stealth        | 1 9 12 | 12.6
Translocations | 8 11 12 | 12.2
Spellcasting   | 5 7 |  7.6
Summonings     | 3 |  3.7
Shields        | 5 10 | 10.7

Action                     |  1- 3 |  4- 6 |  7- 9 | 10-12 | 13-15 | 16-18 | 19-21 | 22-24 | 25-27 || total
---------------------------+-------+-------+-------+-------+-------+-------+-------+-------+-------++-------
  Melee: Unarmed           |    80 |   101 |   255 |   620 |   843 |   817 |   808 |   735 |   884 ||  5143
         Tentacles         |     7 |    23 |    79 |   155 |       |       |       |       |   155 ||   419
         Constrict         |    14 |    22 |    72 |   110 |   185 |    67 |       |       |   101 ||   571
         Punch             |     1 |     3 |       |       |       |    65 |   126 |   141 |   211 ||   547
         Tailslap          |       |       |       |       |       |    90 |   134 |   142 |    16 ||   382
         Bite              |       |       |       |       |       |    55 |   102 |    86 |    12 ||   255
   Cast: Manifold Assault  |       |       |       |       |       |       |       |       |    15 ||    15
 Invoke: Curse Item        |       |       |     3 |     2 |     3 |       |     2 |     2 |     2 ||    14
         Shatter the Chain |       |       |       |       |     1 |     1 |     1 |       |     1 ||     4
Ability: Begin Untransform |       |       |     1 |       |       |       |       |       |     1 ||     2
         Breathe Fire      |       |       |       |       |       |     3 |       |     1 |       ||     4
         Blinkbolt         |       |       |       |       |       |       |       |       |     5 ||     5
  Evoke: Wand              |       |       |     3 |     9 |     8 |     3 |     6 |     4 |     2 ||    35
         Box of beasts     |       |       |       |       |     1 |       |     1 |       |     1 ||     3
         Lightning rod     |       |       |       |       |       |     2 |     5 |     4 |       ||    11
         Phial of floods   |       |       |       |       |       |       |       |       |     1 ||     1
         Phantom mirror    |       |       |       |       |       |       |       |       |     1 ||     1
    Use: Potion            |       |     4 |     1 |     4 |     3 |     1 |    10 |       |     1 ||    24
         Scroll            |       |     3 |     3 |     2 |       |     1 |     5 |     7 |     2 ||    23
   Stab: Sleeping          |     2 |    10 |       |     4 |     3 |     3 |     3 |     2 |    12 ||    39
         Distracted        |       |       |       |       |     1 |       |     2 |       |     9 ||    12
         Paralysed         |       |       |       |       |       |     2 |       |       |       ||     2
 Armour: Skin              |    30 |    34 |    84 |   183 |   294 |   337 |   327 |   282 |   148 ||  1719
  Dodge: Dodged            |    43 |    50 |   255 |   542 |   632 |   671 |   814 |   615 |   732 ||  4354
  Block: Other             |       |       |       |       |    28 |       |       |       |       ||    28
         Reflection        |       |       |       |       |     1 |       |       |       |       ||     1
         Kite shield       |       |       |       |       |       |       |       |       |   334 ||   334
   Form: Flux              |       |       |     2 |       |       |       |       |       |       ||     2
         Serpent           |       |       |       |     1 |       |     1 |       |       |       ||     2
         Dragon            |       |       |       |       |       |     2 |       |       |       ||     2
         Storm             |       |       |       |       |       |       |       |       |     3 ||     3
         Death             |       |       |       |       |       |       |       |       |     4 ||     4

Table legend: (Time is in decaauts)
 A = Elapsed time spent in this place.
 B = Non-inter-level travel time spent in this place.
 C = Inter-level travel time spent in this place.
 D = Time resting spent in this place.
 E = Time spent auto-exploring this place.
 F = Levels seen in this place.
 G = Mean time per level.
                   A        B        C        D        E       F      G
               +--------+--------+--------+--------+--------+-----+--------+
         Total |  40658 |  36838 |   3820 |   2534 |  21871 |  60 |  677.6 |
       Dungeon |  13773 |  12027 |   1746 |    867 |   8245 |  15 |  918.2 |
        Temple |     14 |      7 |      7 |      0 |      0 |   1 |   14.0 |
          Lair |   5394 |   4728 |    666 |    395 |   3197 |   5 | 1078.8 |
        Shoals |   1697 |   1579 |    118 |     11 |    959 |   4 |  424.2 |
     Snake Pit |   2401 |   2230 |    171 |    113 |   1183 |   4 |  600.2 |
    Slime Pits |    582 |    520 |     62 |    140 |      0 |   5 |  116.4 |
  Orcish Mines |   1365 |   1193 |    172 |     44 |    840 |   2 |  682.5 |
   Elven Halls |   2802 |   2637 |    165 |    151 |   1540 |   3 |  934.0 |
        Vaults |   5703 |   5197 |    506 |      6 |   3599 |   5 | 1140.6 |
         Crypt |   1126 |   1126 |      0 |      0 |    121 |   3 |  375.3 |
          Tomb |    361 |    361 |      0 |      0 |    104 |   2 |  180.5 |
        Depths |   3501 |   3297 |    204 |      0 |   1846 |   4 |  875.2 |
         Abyss |    362 |    362 |      0 |    107 |      0 |   4 |   90.5 |
        Bailey |    131 |    131 |      0 |      0 |     49 |   1 |  131.0 |
      Ice Cave |   1142 |   1142 |      0 |    700 |     65 |   1 | 1142.0 |
        Wizlab |    297 |    297 |      0 |      0 |    122 |   1 |  297.0 |
               +--------+--------+--------+--------+--------+-----+--------+

Top non-repeatable levels by time:
  Lair:2: 1571 daAuts
     D:5: 1549 daAuts
   Elf:3: 1457 daAuts
     D:8: 1393 daAuts
Vaults:2: 1264 daAuts
Vaults:4: 1239 daAuts
     D:7: 1219 daAuts
    D:10: 1197 daAuts
   IceCv: 1142 daAuts
  Lair:3: 1107 daAuts
Vaults:5: 1096 daAuts
Depths:3: 1090 daAuts
Vaults:1: 1076 daAuts
  Lair:1: 1068 daAuts
    D:12: 1028 daAuts
